 Dungeon Crawl Stone Soup version bcrawl-1.12-8-g964540c432 (webtiles) character file.

Game seed: 3031414656716379018

7450 Gaplan the Cleaver (level 10, -1/88 HPs)
             Began as a Minotaur Fighter on June 8, 2019.
             Was a Priest of Okawaru.
             Slain by a porcupine (3 damage)
             ... on level 8 of the Dungeon.
             The game lasted 00:21:47 (6719 turns).

Gaplan the Cleaver (Minotaur Fighter)               Turns: 6719, Time: 00:21:48

Health: -1/88      AC: 14    Str: 23    XL:     10   Next: 93%
Magic:  9/9        EV: 15    Int:  5    God:    Okawaru [***...]
Gold:   598        SH: 12    Dex: 11    Spells: 9/9 levels left

rFire    . . .     SeeInvis .   x - +9 hand axe of Mastery {holy, rPois}
rCold    + . .     Gourm    .   c - +0 shield
rNeg     . . .     Faith    .   K - +1 ring mail {rPois}
rPois    +         Spirit   .   (helmet restricted)
rElec    .         Reflect  .   r - +2 cloak
rCorr    .         Harm     .   (no gloves)
MR       .....                  h - +2 pair of boots
Stlth    +.........             (no amulet)
HPRegen  0.24/turn              d - +4 ring of evasion
MPRegen  0.11/turn              o - ring of protection from cold

@: about to teleport
A: retaliatory headbutt, horns 2
a: Heroism, Renounce Religion


You were on level 8 of the Dungeon.
You worshipped Okawaru.
Okawaru was most pleased with you.
You were not hungry.

You visited 2 branches of the dungeon, and saw 9 of its levels.

You collected 598 gold pieces.

Inventory:

Hand Weapons
 a - a +0 war axe
 s - a +1 war axe
 u - a +0 battleaxe
 x - the +9 hand axe of Mastery (weapon) {holy, rPois}
   (You found it on level 4 of the Dungeon)

   It has been blessed by the Shining One to cause great damage to the undead
   and demons.
   It protects you from poison.
 F - the +3 whip "Xahaw" {elec, *Corrode rElec rC+, unknown}
   (You found it on level 6 of the Dungeon)

   Occasionally, upon striking a foe, it will discharge some electrical energy
   and cause terrible harm.
   It protects you from cold.
   It insulates you from electricity.
   It may corrode you when you take damage.
Armour
 b - a +0 scale mail
 c - a +0 shield (worn)
 h - a +2 pair of boots (worn)
 r - a +2 cloak (worn)
 v - a +0 plate armour
 K - a +1 ring mail of poison resistance (worn)
Jewellery
 d - a +4 ring of evasion (left hand)
 g - an uncursed ring of magical power
 o - a ring of protection from cold (right hand)
 w - an uncursed ring of stealth
 C - an uncursed ring of resist corrosion {unknown}
Wands
 i - a wand of paralysis (6)
 z - a wand of iceblast (5)
 D - a wand of polymorph (10)
 G - a wand of enslavement (3)
 J - a wand of flame (21)
Scrolls
 e - 9 scrolls of identify
 j - 7 scrolls of enchant armour
 l - 4 scrolls of remove curse
 m - 2 scrolls of amnesia
 p - a scroll of enchant weapon
 I - a scroll of fear
Potions
 n - a potion of ambrosia
 q - 2 potions of flight
 t - a potion of magic
 B - a potion of degeneration {unknown}
 E - a potion of invisibility {unknown}
 M - a potion of resistance
Comestibles
 f - 19 rations {!d}
 A - 8 chunks of flesh


   Skills:
 + Level 7.9 Fighting
 + Level 13.3 Axes
 + Level 9.1 Armour
 + Level 4.2 Dodging
 + Level 0.5 Stealth
 + Level 9.6 Shields


You had 9 spell levels left.
You didn't know any spells.
Your spell library contained the following spells:

 Spells                   Type           Power        Failure   Level  Hunger
 Corona                   Hex            #......      83%         1    ##.....
 Sting                    Conj/Pois      #...         83%         1    ##.....
 Ensorcelled Hibernation  Hex/Ice        #.....       93%         2    ###....
 Confuse                  Hex            #.......     99%         3    ####...
 Dazzling Spray           Conj/Hex       #.....       99%         3    ####...
 Stone Arrow              Conj/Erth      #.....       99%         3    ####...
 Tukima's Dance           Hex            #.......     99%         3    ####...
 Petrify                  Tmut/Erth      #.......     100%        4    #####..
 Poison Arrow             Conj/Pois      #.........   100%        6    #######
 Statue Form              Tmut/Erth      #........    100%        6    #######


Dungeon Overview and Level Annotations

Branches:
Dungeon (8/12)             Temple (1/1) D:6            Lair (0/6) D:8
    Orc: D:8-11

Altars:
Ashenzari
Cheibriados
Dithmenos
Elyvilon
Fedhas
Gozag
Hepliaklqana
Kikubaaqudgha
Lugonu
Makhleb
Nemelex Xobeh
Okawaru
Qazlal
Ru
Sif Muna
Trog
Uskayaw
Vehumet
Wu Jian
Xom
Yredelemnul
Zin
The Shining One

Shops:
D:8 (

Annotations:
D:4 1 runed translucent door


Innate Abilities, Weirdness & Mutations

You reflexively headbutt those who attack you in melee.
You have a pair of horns on your head.


Message History

* * * LOW HITPOINT WARNING * * *
Okay, then.
As you read the scroll of teleportation, it crumbles to dust.
You feel strangely unstable. You block the wolf's attack.
You block the porcupine's attack. The wolf closely misses you.
A wolf comes into view.
You block the porcupine's attack. You block the wolf's attack.
The porcupine barely misses you. You furiously retaliate!
You headbutt the porcupine!
The wolf howls!
You hit the wolf.
You kill the wolf!
Okawaru accepts your kill.
You slash the wolf! You closely miss the porcupine. You slash the plant!
You hit the plant. You hit the bush. You slash the fungus!
You destroy the fungus!
You are struck by the porcupine's spines.
* * * LOW HITPOINT WARNING * * *
You hit the porcupine. You block the wolf's attack. The porcupine bites you.
You die...

.......+................
.......#.............÷..
..h....#...........h....
..P.P..###..##'#######'#
........##.##...## ##...
..P.PP...=##..).s###....
..♣.......#.......#.....
♣.....r†h.#.......#.....
P>.....@r.#.......#.....
.P..PPPPP.##.....###....
.PP...♣..####...## ##...
........## ##### ####
.P.P..♣P. ..... ...
..... ... .♣. ....


You could see 2 wolves and 2 porcupines.

Vanquished Creatures
  A centaur warrior (D:8)
  An unseen horror (D:8)
  2 trolls
  A hippogriff (D:5)
  Sigmund (D:6)
  A shadow (D:7)
  2 basilisks (D:8)
  The ghost of tellerius the Chiller, an amateur MfIE (D:3)
  A water moccasin (D:8)
  5 orc warriors
  2 ice beasts
  A hornet zombie (D:7)
  A phantom (D:5)
  2 sky beasts (D:6)
  A wolf (D:8)
  5 ogres
  A centaur (D:8)
  A crocodile (D:8)
  The ghost of Goodini51 the Sneak, an amateur DWAc (D:4)
  7 bullfrogs
  A wyvern skeleton (D:7)
  4 scorpions
  4 killer bees (D:7)
  11 wights
  A howler monkey (D:6)
  2 bullfrog zombies (D:3)
  4 crimson imps
  4 jellies
  A centaur zombie (D:5)
  6 orc priests
  5 hounds
  11 orc wizards
  2 centaur skeletons
  6 iguanas
  6 worker ants
  A killer bee zombie (D:6)
  A hound zombie (D:3)
  A hound skeleton (D:6)
  A mummy (D:3)
  A howler monkey zombie (D:7)
  A worker ant zombie (D:7)
  3 gnolls (D:4)
  A river rat (D:4)
  12 adders
  4 shadow imps
  2 oozes (D:2)
  4 adder zombies
  4 worms
  4 dart slugs
  3 leopard geckos
  30 orcs
  2 giant cockroaches
  7 goblins
  8 hobgoblins
  11 jackals
  8 kobolds
  5 quokkas
  3 ball pythons
  3 bats
  2 frilled lizards
  7 rats
  A fungus (D:8)
  7 plants (D:5)
243 creatures vanquished.

Vanquished Creatures (others)
  3 plants (D:8)
3 creatures vanquished.

Grand Total: 246 creatures vanquished

Notes
Turn   | Place    | Note
-------+----------+-------------------------------------------
     0 | D:1      | Gaplan the Minotaur Fighter began the quest for the Orb.
     0 | D:1      | Reached XP level 1. HP: 19/19 MP: 0/0
   110 | D:1      | Reached XP level 2. HP: 27/27 MP: 1/1
   184 | D:1      | Reached skill level 3 in Axes
   648 | D:2      | Reached XP level 3. HP: 33/33 MP: 2/2
  1035 | D:2      | Found a blossoming altar of Fedhas.
  1366 | D:3      | Reached XP level 4. HP: 40/40 MP: 3/3
  1484 | D:3      | Reached skill level 4 in Axes
  1578 | D:3      | Reached XP level 5. HP: 18/46 MP: 4/4
  1578 | D:3      | Reached skill level 1 in Dodging
  1581 | D:3      | Reached skill level 5 in Axes
  1581 | D:3      | Reached skill level 5 in Armour
  1875 | D:3      | Reached XP level 6. HP: 53/53 MP: 5/5
  1880 | D:3      | Found a transporter.
  1882 | D:3      | Noticed tellerius's ghost (amateur MfIE)
  1896 | D:3      | Found a transporter.
  2353 | D:3      | Killed tellerius's ghost
  2353 | D:3      | Reached skill level 6 in Axes
  2353 | D:3      | Reached skill level 5 in Shields
  2354 | D:3      | Reached XP level 7. HP: 28/60 MP: 6/6
  2710 | D:4      | Reached skill level 7 in Axes
  3100 | D:4      | Found a runed translucent door.
  3133 | D:4      | Reached skill level 8 in Axes
  3141 | D:4      | Reached XP level 8. HP: 39/67 MP: 7/7
  3352 | D:4      | Reached skill level 9 in Axes
  3476 | D:4      | Noticed Goodini51's ghost (amateur DWAc)
  3508 | D:4      | Killed Goodini51's ghost
  3601 | D:4      | Got a jewelled hand axe
  3609 | D:4      | Found a runed translucent door.
  3754 | D:5      | Entered Level 5 of the Dungeon
  3754 | D:5      | Noticed a hippogriff
  3760 | D:5      | Killed a hippogriff
  3834 | D:5      | Reached skill level 10 in Axes
  4061 | D:5      | Identified the +9 hand axe of Mastery {holy, rPois} (You
                  | found it on level 4 of the Dungeon)
  4079 | D:5      | Found an ornate altar of the Wu Jian Council.
  4288 | D:5      | Reached XP level 9. HP: 72/72 MP: 8/8
  4575 | D:6      | Noticed Sigmund
  4582 | D:6      | Killed Sigmund
  4604 | D:6      | Found a shattered altar of Ashenzari.
  4611 | D:6      | Found a deep blue altar of Sif Muna.
  4612 | D:6      | Found a burning altar of Makhleb.
  4613 | D:6      | Found a sacrificial altar of Ru.
  4613 | D:6      | Found a basalt altar of Yredelemnul.
  4613 | D:6      | Found a radiant altar of Vehumet.
  4613 | D:6      | Found a snail-covered altar of Cheibriados.
  4615 | D:6      | Found a white marble altar of Elyvilon.
  4617 | D:6      | Found a shimmering altar of Xom.
  4643 | D:6      | Reached skill level 5 in Fighting
  4692 | D:6      | Reached skill level 11 in Axes
  4703 | D:6      | Found a shattered altar of Ashenzari.
  4815 | D:6      | Noticed a troll
  4822 | D:6      | Killed a troll
  4904 | D:6      | Got a warped whip
  4995 | D:6      | Found a snail-covered altar of Cheibriados.
  5075 | D:6      | Found a staircase to the Ecumenical Temple.
  5102 | Temple   | Entered the Ecumenical Temple
  5105 | Temple   | Became a worshipper of Warmaster Okawaru
  5731 | D:7      | Noticed a troll
  5743 | D:7      | Reached * piety under Okawaru
  5743 | D:7      | Reached XP level 10. HP: 72/83 MP: 9/9
  5745 | D:7      | Reached skill level 12 in Axes
  5747 | D:7      | Identified the Almanac of Ashen Poisoning
  6006 | D:7      | Reached ** piety under Okawaru
  6330 | D:8      | Found Litt's Weapon Emporium.
  6415 | D:8      | Killed an unseen horror
  6546 | D:8      | Noticed a centaur warrior
  6553 | D:8      | Killed a centaur warrior
  6553 | D:8      | Reached *** piety under Okawaru
  6553 | D:8      | Reached skill level 13 in Axes
  6708 | D:8      | Found a staircase to the Lair.
  6719 | D:8      | HP: 2/88 [porcupine's spines (9)]
  6719 | D:8      | Slain by a porcupine

Skill      XL: |  1  2  3  4  5  6  7  8  9 10 |
---------------+-------------------------------+-----
Axes           | 3 4 5 6 8 10 11 13 | 13.3
Fighting       | 4 6 7 |  7.9
Shields        | 4 5 7 8 9 |  9.6
Armour         | 4 5 6 8 9 |  9.1
Dodging        | 1 2 3 4 |  4.2
Stealth        | |  0.5

Action                   |  1- 3 |  4- 6 |  7- 9 | 10-12 || total
-------------------------+-------+-------+-------+-------++-------
Melee: War axe           |    90 |    73 |   178 |       ||   341
       Headbutt          |    10 |    17 |    79 |    26 ||   132
       Hand axe          |       |       |   192 |   143 ||   335
  Use: Scroll            |     2 |       |     2 |     8 ||    12
       Potion            |       |     7 |     1 |     4 ||    12
  Eat: Chunk             |     2 |     2 |     9 |     3 ||    16
       Ration            |       |       |     1 |       ||     1
Armor: Scale mail        |    40 |    46 |    45 |       ||   131
       Plate armour      |       |       |    89 |    12 ||   101
       Ring mail         |       |       |       |    73 ||    73
Dodge: Dodged            |    28 |    35 |   100 |    67 ||   230
Block: Shield            |    53 |    60 |   149 |    71 ||   333
